 Dungeon Crawl Stone Soup version 0.30-a0-325-gb515db48ae (webtiles) character file.

Game seed: 11600776210466996297

231 MrRokkomies the Trooper (level 5, 0/48 HPs)
             Began as an Armataur Gladiator on Oct 28, 2022.
             Was an Initiate of Yredelemnul.
             Slain by a steam dragon (2 damage)
             ... on level 4 of the Dungeon.
             The game lasted 00:04:33 (2528 turns).

MrRokkomies the Trooper (Armataur Gladiator)        Turns: 2528, Time: 00:04:33

Health: 0/48       AC:  7    Str: 16 (22) XL:     5   Next: 73%
Magic:  5/5        EV:  9    Int:  2 (8)  God:    Yredelemnul [......]
Gold:   204        SH:  0    Dex:  7 (11) Spells: 4/4 levels left

rFire   . . .      SeeInvis .    b - +2 dagger (drain)
rCold   . . .      Faith    .    (no shield)
rNeg    . . .      Spirit   .    h - +0 leather armour
rPois   .          Reflect  .    c - +0 helmet
rElec   .          Harm     .    (no cloak)
rCorr   .          Roll     +    p - +0 pair of gloves
Will    .....                    (no barding)
Stlth   +.........               (no amulet)
HPRegen 0.28/turn                t - ring of flight
MPRegen 0.09/turn                (no ring)

@: flying
A: large, rugged brown scales 3, deformed body, armoured tail, roll, long
tongue, awkward tongue
a: Renounce Religion, Recall Undead Harvest


You were on level 4 of the Dungeon.
You worshipped Yredelemnul.
Yredelemnul was noncommittal.
You visited 1 branch of the dungeon, and saw 4 of its levels.

You collected 204 gold pieces.

Inventory:

Hand Weapons
 a - a +2 long sword of freezing
 b - a +2 dagger of draining (weapon)
 l - a +0 flail
Missiles
 d - 3 throwing nets
 e - 18 javelins
 f - 6 poisoned darts (quivered)
 k - 2 curare-tipped darts
Armour
 c - a +0 helmet (worn)
 h - a +0 leather armour (worn)
 p - a +0 pair of gloves (worn)
Jewellery
 t - a ring of flight (left hand)
Scrolls
 g - 3 scrolls of teleportation
 s - 2 scrolls of identify
Potions
 i - a potion of might
 m - 3 potions of lignification
 n - a potion of degeneration
 o - a potion of heal wounds {unknown}
 q - a potion of brilliance {unknown}
 r - a potion of attraction {unknown}


   Skills:
 * Level 3.5 Fighting
 * Level 1.8 Long Blades
 - Level 3.2 Maces & Flails
 - Level 1.7 Throwing
 + Level 2.7 Armour
 - Level 2.6 Dodging
 + Level 1.1 Invocations


You had 4 spell levels left.
You didn't know any spells.
Your spell library contained the following spells:

 Spells                   Type           Power      Damage    Failure   Level
 Scorch                   Fire           0%         2d5       75%         2
 Dazzling Flash           Conj/Hex       0%         N/A       93%         3
 Flame Wave               Conj/Fire      0%         2d4       100%        4
 Iskenderun's Mystic Bla  Conj/Tloc      0%         2d3       100%        4
 Starburst                Conj/Fire      0%         6d3       100%        6
 Summon Cactus Giant      Summ           0%         N/A       100%        6


Dungeon Overview and Level Annotations

Branches:
Dungeon (4/15)
 Temple: D:4-7

Altars:
Yredelemnul

Annotations:
D:3 3 runed translucent doors, Zero's ghost, amateur GrCj


Innate Abilities, Weirdness & Mutations

You are completely covered in rugged brown scales. (AC +3, +7% HP)
Armour fits poorly on your strangely shaped body.
You have a long armoured tail.
You roll when moving toward enemies. (Rampage)
Your long tongue fully drains potion bottles. (2x potion effects)
Your tongue gives you trouble enunciating. (1.5x scroll delay)


Message History

You hit the steam dragon but do no damage.
You drain the steam dragon.
The steam dragon is severely wounded.
The steam dragon bites you.
* * * LOW HITPOINT WARNING * * *
The steam dragon claws you but does no damage.
You hit the steam dragon but do no damage.
The steam dragon is severely wounded.
Your orc zombie is engulfed in a cloud of scalding steam.
Your orc zombie is destroyed!
The steam dragon breathes steam at you. The ball of steam misses you.
The ball of steam hits your orc zombie!
Your orc zombie is destroyed!
You hit the steam dragon. You drain the steam dragon.
Your tail-slap misses the steam dragon.
The steam dragon is severely wounded.
You are engulfed in a cloud of scalding steam.
* * * LOW HITPOINT WARNING * * *
Your butterfly is engulfed in a cloud of scalding steam.
Your butterfly dies!
Your butterfly disappears in a burst of colours!
The steam dragon misses you.
The steam dragon claws you but does no damage.
You hit the steam dragon.
The steam dragon is severely wounded.
You are engulfed in a cloud of scalding steam.
* * * LOW HITPOINT WARNING * * *
The steam dragon bites you but does no damage.
The steam dragon claws you but does no damage.
Unknown command.
You slurp down every last drop of the 2 fizzy clear potions!
It was a potion of degeneration.
There was something very wrong with that liquid.
You feel weakened.
You feel dopey.
You feel clumsy.
You are engulfed in a cloud of scalding steam.
* * * LOW HITPOINT WARNING * * *
The steam dragon bites you but does no damage.
The steam dragon claws you.
You die...
Your body rises from the dead as a mindless zombie.

#.# #Z# ##Z######..
#..........
#.......?.#
#.........#
#.........+
##.######Z........#
#.....D@Z§§§.......
#.#.#####..........
##########.


You could see a steam dragon (catching breath, very drained, ally target), a
friendly giant cockroach zombie and a friendly orc zombie.

Vanquished Creatures
  A jelly (D:4)
  3 orc wizards
  A gnoll (D:1)
  3 adders
  A dart slug (D:1)
  7 orcs
  8 endoplasms
  4 giant cockroaches
  8 goblins
  3 hobgoblins
  7 jackals
  4 quokkas
  6 ball pythons
  7 bats
  5 frilled lizards
  3 kobolds
  5 rats
76 creatures vanquished.

Vanquished Creatures (collateral kills)
  An orc (D:3)
  A giant cockroach (D:4)
2 creatures vanquished.

Vanquished Creatures (others)
  2 orc zombies (D:4)
2 creatures vanquished.

Grand Total: 80 creatures vanquished

Notes
Turn   | Place    | Note
-------+----------+-------------------------------------------
     0 | D:1      | MrRokkomies the Armataur Gladiator began the quest for the
                  | Orb.
     0 | D:1      | Reached XP level 1. HP: 18/18 MP: 1/1
   180 | D:1      | Reached XP level 2. HP: 19/25 MP: 2/2
   256 | D:1      | Reached skill level 1 in Armour
   304 | D:1      | Reached XP level 3. HP: 11/29 MP: 3/3
   942 | D:2      | Reached XP level 4. HP: 35/39 MP: 4/4
  1409 | D:3      | Found a runed translucent gate.
  1409 | D:3      | Found a runed translucent gate.
  1411 | D:3      | Noticed Zero's ghost (amateur GrCj)
  1424 | D:3      | Found a runed translucent gate.
  1723 | D:3      | Found a faded altar of an unknown god.
  1735 | D:3      | Prayed at the altar of an unknown god.
  1735 | D:3      | Became a worshipper of Yredelemnul the Dark
  1735 | D:3      | Reached * piety under Yredelemnul
  2088 | D:4      | Reached skill level 1 in Long Blades
  2088 | D:4      | Reached XP level 5. HP: 48/48 MP: 5/5
  2433 | D:4      | Reached skill level 1 in Invocations
  2450 | D:4      | Reached ** piety under Yredelemnul
  2514 | D:4      | Noticed a steam dragon
  2528 | D:4      | HP: 2/48 [steam dragon] (3)]
  2528 | D:4      | Slain by a steam dragon

Illustrated notes

Levels and vault maps discovered:
D:1:      zaba_arrival_water, layout_rooms, minmay_distorted
D:2:      layout_loops_ring, small_statue_intersection
D:3:      layout_basic, ebering_ecumenical_altar_ruins, gammafunk_ghost_split
D:4:      layout_basic

Skill      XL: |  1  2  3  4  5 |
---------------+----------------+-----
Fighting       | 2 3 |  3.5
Maces & Flails | 3 |  3.2
Armour         | 1 2 |  2.7
Long Blades    | 1 |  1.8
Invocations    | 1 |  1.1
Throwing       | |  1.7
Dodging        | |  2.6

Action                   |  1- 3 |  4- 6 || total
-------------------------+-------+-------++-------
Melee: Flail             |    49 |       ||    49
       Tailslap          |    10 |    10 ||    20
       Punch             |     2 |       ||     2
       Dagger            |    55 |   108 ||   163
Throw: Throwing net      |     1 |       ||     1
  Use: Scroll            |       |     9 ||     9
       Potion            |       |     2 ||     2
 Stab: Sleeping          |     1 |     1 ||     2
Armor: Leather armour    |    45 |    57 ||   102
Dodge: Dodged            |    90 |    56 ||   146

Table legend: (Time is in decaauts)
 A = Elapsed time spent in this place.
 B = Non-inter-level travel time spent in this place.
 C = Inter-level travel time spent in this place.
 D = Time resting spent in this place.
 E = Time spent auto-exploring this place.
 F = Levels seen in this place.
 G = Mean time per level.
                   A        B        C        D        E       F      G
               +--------+--------+--------+--------+--------+-----+--------+
         Total |   2546 |   2463 |     83 |    137 |   1882 |   4 |  636.5 |
       Dungeon |   2546 |   2463 |     83 |    137 |   1882 |   4 |  636.5 |
               +--------+--------+--------+--------+--------+-----+--------+

Top non-repeatable levels by time:
     D:2: 804 daAuts
     D:1: 618 daAuts
     D:3: 591 daAuts
     D:4: 531 daAuts
